 Dungeon Crawl Stone Soup version 0.29.0-4-gdea44cf6ec (webtiles) character file.

Game seed: 1185015132478208055

41 qw the Chopper (level 3, -2/21 HPs)
             Began as a Tengu Warper on Aug 28, 2022.
             Slain by an orc
             ... wielding a +2 hand axe of electrocution
              (3 damage)
             ... on level 2 of the Dungeon.
             The game lasted 00:00:06 (1048 turns).

qw the Chopper (Tengu Warper)                       Turns: 1048, Time: 00:00:06

Health: -2/21      AC:  5    Str: 13    XL:     3   Next: 52%
Magic:  7/7        EV: 11    Int: 13    God:
Gold:   72         SH:  0    Dex: 13    Spells: 6/6 levels left

rFire   . . .      SeeInvis .   Y - +0 hand axe
rCold   . . .      Faith    .   (no shield)
rNeg    . . .      Spirit   .   i - +0 ring mail
rPois   .          Reflect  .   (helmet restricted)
rElec   .          Harm     .   (no cloak)
rCorr   .          Rampage  .   (no gloves)
Will    .....                   (boots unavailable)
Stlth   +.........              (no amulet)
HPRegen 0.07/turn               (no ring)
MPRegen 0.10/turn               (no ring)

@: no status effects
A: beak, talons 3
a: no special abilities


You were on level 2 of the Dungeon.
You visited 1 branch of the dungeon, and saw 2 of its levels.

You collected 72 gold pieces.


Innate Abilities, Weirdness & Mutations

You have a beak for a mouth.
You have claws for feet.


   Skills:
 - Level 2.0 Fighting
 + Level 4.2 Axes
 - Level 1.0 Throwing
 - Level 1.1 Armour
 - Level 2.1 Dodging
 - Level 2.0 Spellcasting
 - Level 2.4 Translocations


You had 6 spell levels left.
You didn't know any spells.
Your spell library contained the following spells:

 Spells                   Type           Power      Damage    Failure   Level
 Blink                    Tloc           14%        N/A       30%         2
 Gell's Gravitas          Tloc           7%         N/A       52%         3
 Lesser Beckoning         Tloc           7%         N/A       52%         3
 Teleport Other           Tloc           7%         N/A       52%         3
 Manifold Assault         Tloc           7%         N/A       99%         5

Inventory:

Hand Weapons
 d - a +0 club
 Y - a +0 hand axe (weapon)
Missiles
 h - 4 javelins (quivered)
Armour
 b - a +0 scale mail
 e - a +0 pair of gloves
 i - a +0 ring mail (worn)
Scrolls
 a - a scroll of teleportation {unknown}
 c - a scroll of poison {unknown}
 g - a scroll of identify
 k - a scroll of fear {unknown}
Potions
 f - 2 potions of curing {unknown}
 j - a potion of brilliance {unknown}

Dungeon Overview and Level Annotations

Branches:
Dungeon (2/15)

Altars:


Message History

The orc moves out of view.
You hear a shout!
Found 9 gold pieces.
Enter note: A goblin comes into view. It is wielding a +0 club.
Found 10 gold pieces.
The goblin shouts!
The orc priest looks encouraged for a moment.
There is an open door here.
Found 16 gold pieces.
The orc wizard closely misses you.
You closely miss the orc wizard. Your kick misses the orc wizard.
Your peck misses the orc wizard. You hit the orc priest.
You completely miss the orc. You hit the orc.
The goblin unwields a +0 club.
The goblin wields a +0 sling.
The goblin shoots a sling bullet.
The sling bullet misses you. The orc priest barely misses you.
The orc wizard hits you but does no damage.
The orc barely misses you.
The orc hits you with a +2 hand axe of electrocution.
You hit the orc priest but do no damage.
You claw the orc priest.
The orc priest is moderately wounded.
You hit the orc wizard. You completely miss the orc. You hit the orc.
You hit the orc but do no damage. The orc barely misses you.
The orc hits you with a +0 club.
The orc priest invokes the aid of Beogh against you.
Pain shoots through your body!
Ouch! That really hurt!
The orc barely misses you.
The orc wizard hits you with a +0 dagger.
You barely miss the orc wizard. You claw the orc wizard!
The orc wizard is severely wounded.
You hit the orc.
You hit the orc priest but do no damage.
You barely miss the orc. You hit the orc but do no damage.
The orc barely misses you. The orc priest completely misses you.
The orc hits you but does no damage.
The orc hits you with a +2 hand axe of electrocution.
You die...

..............)..%..........
.####.###..##.##..#.#.#..#.#
#########...............
........#...............
........#...............
........#.###.#.........
.7......#...............
......oo#...............
.$..g.o@#.###.##........
.7$.7.oo'.###.##...#.#.#
.......#...............
........#.###.##........
.7...$..#.....##...#.#..
........#.###.##...#.#..
........#.# #.##...#.###
........#.# #.###..#.# #
########.# #.# ##.#.# #


You could see an orc priest, an orc wizard, 3 orcs and a goblin.

Vanquished Creatures
  An adder (D:2)
  A dart slug (D:1)
  3 ball pythons
  A bat (D:1)
  2 endoplasms
  A goblin (D:1)
  2 hobgoblins (D:1)
  3 jackals (D:1)
  A quokka (D:1)
  A frilled lizard (D:1)
  7 kobolds
  7 rats
30 creatures vanquished.

Notes
Turn   | Place    | Note
-------+----------+-------------------------------------------
     0 | D:1      | qw the Tengu Warper began the quest for the Orb.
     0 | D:1      | Reached XP level 1. HP: 12/12 MP: 4/4
     0 | D:1      | 0 ||| qw: Version: 0.1-a-89-g26bdef1
     0 | D:1      | 0 ||| qw: Game counter: 1067
     0 | D:1      | 0 ||| qw: Always use a shield: true
     0 | D:1      | 0 ||| qw: God list: Okawaru
     0 | D:1      | 0 ||| qw: Allow faded altars: false
     0 | D:1      | 0 ||| qw: Do Orc after D:15 true
     0 | D:1      | 0 ||| qw: Do second Lair branch before Depths: true
     0 | D:1      | 0 ||| qw: Lair rune preference: random
     0 | D:1      | 0 ||| qw: Plans: Normal
     0 | D:1      | 0 ||| PLANNING D:1-11
    36 | D:1      | 36 ||| Stepping ~*~*~tactically~*~*~ (stealth).
    38 | D:1      | 38 ||| Stepping ~*~*~tactically~*~*~ (stealth).
   102 | D:1      | 102 ||| Stepping ~*~*~tactically~*~*~ (stealth).
   109 | D:1      | Reached XP level 2. HP: 17/17 MP: 6/6
   122 | D:1      | 122 ||| Stepping ~*~*~tactically~*~*~ (hiding).
   130 | D:1      | Reached skill level 3 in Axes
   304 | D:1      | 304 ||| Stepping ~*~*~tactically~*~*~ (stealth).
   305 | D:1      | 305 ||| Stepping ~*~*~tactically~*~*~ (stealth).
   308 | D:1      | 308 ||| Stepping ~*~*~tactically~*~*~ (stealth).
   311 | D:1      | Found a faded altar of an unknown god.
   515 | D:1      | Reached XP level 3. HP: 21/21 MP: 7/7
   632 | D:1      | 632 ||| UPGRADING to +0 ring mail.
   642 | D:1      | 642 ||| DROPPING +0 leather armour.
   643 | D:1      | 643 ||| READING scroll labelled CIENLI SOCIL.
   644 | D:1      | 644 ||| READING 2 scrolls labelled GIMOMU BYED KUV.
   645 | D:1      | 645 ||| DROPPING scroll of blinking.
   866 | D:2      | Reached skill level 4 in Axes
  1047 | D:2      | HP: 3/21 [orc priest/nerve-wracking pain (14)]
  1047 | D:2      | HP: 1/21 [orc wizard/+0 dagger (2)]
  1048 | D:2      | Slain by an orc

Levels and vault maps discovered:
D:1:      roderic_octagonal_star, layout_rooms, ebering_ecumenical_altar_box
D:2:      layout_basic, serial_shops, nicolae_shop_bloodbath_and_beyond,
          kennysheep_generic_room_2

Skill      XL: |  1  2  3 |
---------------+----------+-----
Axes           | 3 4 |  4.2
Fighting       | |  2.0
Throwing       | |  1.0
Armour         | |  1.1
Dodging        | |  2.1
Spellcasting   | |  2.0
Translocations | |  2.4

Action                   || total
-------------------------++-------
Melee: Hand axe          ||    33
       Kick              ||    10
       Peck              ||     3
Throw: Boomerang         ||     7
       Javelin           ||    34
  Use: Scroll            ||     2
Armor: Leather armour    ||     2
       Ring mail         ||     9
Dodge: Dodged            ||    18

Table legend:
 A = Non-vault XP
 B = Vault XP
 C = Vault XP percentage of total XP
 D = Non-vault monster count
 E = Vault monster count
 F = Vault count percentage of total count
                 A         B        C        D         E       F
            +---------+---------+-------+---------+---------+-------
      Total |      59 |       0 |   0.0 |      30 |       0 |   0.0
            +---------+---------+-------+---------+---------+-------
        D:1 |      35 |       0 |   0.0 |      21 |       0 |   0.0
        D:2 |      24 |       0 |   0.0 |       9 |       0 |   0.0
            +---------+---------+-------+---------+---------+-------
